 Dungeon Crawl Stone Soup version 0.22.1-2-g9c5b331 (webtiles) character file.

413 shakethe the Skirmisher (level 6, -14/53 HPs)
             Began as a Demonspawn Fighter on Nov 21, 2018.
             Demolished by an ogre
             ... wielding a +0 giant spiked club
              (22 damage)
             ... on level 3 of the Dungeon.
             The game lasted 00:06:14 (3163 turns).

shakethe the Skirmisher (Demonspawn Fighter)        Turns: 3163, Time: 00:06:15

Health: -14/53     AC:  6    Str: 21    XL:     6   Next: 59%
Magic:  6/6        EV: 14    Int: 12    God:
Gold:   115        SH:  9    Dex: 17    Spells: 5/5 levels left

rFire    . . .     SeeInvis .   a - +0 rapier
rCold    . . .     Gourm    .   c - +0 shield
rNeg     + . .     Faith    .   b - +0 scale mail
rPois    .         Spirit   .   (no helmet)
rElec    .         Reflect  .   (no cloak)
rCorr    .         Harm     .   (no gloves)
MR       .....                  (no boots)
Stlth    ++........             q - amulet of magic regeneration
HPRegen  0.17/turn              e - ring of positive energy
MPRegen  0.35/turn              (no ring)

@: mighty, agile
A: spiny 1, sturdy frame 1
a: no special abilities


You were on level 3 of the Dungeon.
You were near starving.

You visited 1 branch of the dungeon, and saw 4 of its levels.

You collected 115 gold pieces.

Inventory:

Hand Weapons
 a - a +0 rapier (weapon)
Armour
 b - a +0 scale mail (worn)
 c - a +0 shield (worn)
Jewellery
 e - a ring of positive energy (left hand)
 q - an amulet of magic regeneration (around neck)
Scrolls
 h - 4 scrolls of identify {unknown}
 l - a scroll of magic mapping {unknown}
 m - a scroll of fog {unknown}
 o - a scroll of enchant weapon {unknown}
 p - 2 scrolls of immolation {unknown}
 s - 2 scrolls of remove curse {unknown}
 v - 3 scrolls of teleportation {unknown}
 w - a scroll of enchant armour {unknown}
Potions
 g - 2 potions of curing
 j - a potion of magic
 k - a potion of invisibility {unknown}
 n - a potion of degeneration {unknown}
 r - a potion of haste {unknown}
 t - a potion of heal wounds {unknown}
 u - a potion of lignification {unknown}
Comestibles
 f - 3 rations


   Skills:
 + Level 6.5 Fighting
 - Level 1.7 Short Blades
 - Level 2.6 Armour
 - Level 2.7 Dodging
 - Level 1.2 Stealth
 - Level 2.6 Shields


You had 5 spell levels left.
You didn't know any spells.
Your spell library was empty.

Dungeon Overview and Level Annotations

Branches:
Dungeon (4/15)
 Temple: D:4-7

Altars:
Ashenzari
Fedhas
Yredelemnul
Zin


Innate Abilities, Weirdness & Mutations

You are partially covered in sharp spines.
Your movements are slightly less encumbered by armour. (ER -2)


Message History

There is a stone staircase leading down here.
Okay, then.
You climb downwards.
The ogre barely misses you.
The ogre hits you with a giant spiked club!!
There is a stone staircase leading up, spattered with blood here.
Unknown command.
The ogre closely misses you.
The ogre hits you with a giant spiked club!!
* * * LOW HITPOINT WARNING * * *
You climb upwards.
There is a stone staircase leading down here.
It was a potion of agility.
You feel agile all of a sudden. The ogre is struck by your spines.
The ogre closely misses you.
It was a potion of magic.
Magic courses through your body. The ogre barely misses you.
You feel very mighty all of a sudden. You block the ogre's attack.
The ogre is struck by your spines.
The ogre hits you with a giant spiked club!!
You die...

#.#.#.########.# #... #.#.#)# #.#
#... ###########.#.#.# #.# #..P
.....#......#.#.# #.# #.PP
####.#.####.#.#.# #.#####.PP #
#.#.######.#.# #.....#.PP #
#.#.#........############.#..P #
#.#.#.##....#.O...........)... #
#.#.#.##....#@###########'#.##
####.#.#.##....#O# #...).......
.....#.#.##....[.# #......)..##
.#####.#.##......# #...(...<.# .#
#.#.##......# #.......).##
.#####.#.##......# #^..........
.......#.##......# ############
.#####.#.#.......# #...........
.##...##.#......######.##########


You could see 2 ogres.

Vanquished Creatures
  An ogre (D:4)
  A centaur skeleton (D:4)
  A hound (D:3)
  An iguana (D:4)
  Natasha (thrice) (D:2)
  3 worker ants (D:4)
  A hound skeleton (D:4)
  3 adders
  A worm (D:2)
  A dart slug (D:1)
  A leopard gecko (D:1)
  3 orcs
  2 ball pythons
  2 giant cockroaches (D:2)
  6 hobgoblins
  6 jackals
  6 kobolds
  4 bats
  2 frilled lizards (D:2)
  6 goblins
  A jackal skeleton (D:4)
  8 rats
63 creatures vanquished.

Notes
Turn   | Place    | Note
-------+----------+-------------------------------------------
     0 | D:1      | shakethe the Demonspawn Fighter began the quest for the
                  | Orb.
     0 | D:1      | Reached XP level 1. HP: 18/18 MP: 1/1
    58 | D:1      | Gained mutation: Your movements are slightly less
                  | encumbered by armour. (ER -2) [demonic ancestry]
    58 | D:1      | Reached XP level 2. HP: 23/24 MP: 2/2
   351 | D:1      | Reached skill level 4 in Fighting
   548 | D:2      | Reached XP level 3. HP: 20/30 MP: 3/3
   712 | D:2      | Found a blossoming altar of Fedhas.
   761 | D:2      | Noticed Natasha
   785 | D:2      | Killed Natasha
   785 | D:2      | Reached skill level 1 in Dodging
  1026 | D:2      | Reached XP level 4. HP: 38/38 MP: 4/4
  1036 | D:2      | Noticed Natasha
  1042 | D:2      | Killed Natasha
  1366 | D:2      | Noticed Natasha
  1380 | D:2      | Killed Natasha
  1742 | D:2      | Found a blossoming altar of Fedhas.
  1927 | D:3      | Found a blossoming altar of Fedhas.
  1973 | D:3      | Reached skill level 5 in Fighting
  1973 | D:3      | Gained mutation: You are partially covered in sharp spines.
                  | [demonic ancestry]
  1973 | D:3      | Reached XP level 5. HP: 40/44 MP: 5/5
  2147 | D:3      | Found a basalt altar of Yredelemnul.
  2185 | D:3      | Found a shattered altar of Ashenzari.
  2285 | D:3      | Reached skill level 1 in Stealth
  2705 | D:4      | Found a glowing silver altar of Zin.
  2716 | D:4      | Reached XP level 6. HP: 48/52 MP: 6/6
  2749 | D:4      | Reached skill level 6 in Fighting
  3163 | D:3      | Demolished by an ogre

Skill      XL: |  1  2  3  4  5  6 |
---------------+-------------------+-----
Fighting       | 4 5 6 |  6.5
Dodging        | 1 2 |  2.7
Stealth        | 1 |  1.2
Short Blades   | |  1.7
Armour         | |  2.6
Shields        | |  2.6

Action                   |  1- 3 |  4- 6 || total
-------------------------+-------+-------++-------
Melee: Rapier            |    94 |   108 ||   202
  Use: Potion            |       |     4 ||     4
  Eat: Chunk             |       |     2 ||     2
       Ration            |       |     1 ||     1
Armor: Scale mail        |    51 |    36 ||    87
Dodge: Dodged            |    41 |    46 ||    87
Block: Shield            |    64 |    45 ||   109
